AoeStats
← PAN71226

Arabia

509782045Analyzed
1v1 RM · 3d ago on Sep 28, 2026· 55m 26s· 2 players
Game mode
Random Map
Map size
Tiny (2 player)
Population
200
Speed
Normal
Resources
Standard
Victory
Conquest
Starting age
Dark Age
Ending age
Imperial Age
RankedLock teamsTeams togetherTeam positionsShared explorationLock speedFull tech treeHidden civsTurbo modeCheats
Victory
Defeat
🇨🇴 Persians · Colombia
924
+17
🇦🇷 Koreans · Argentina
951
-17
PAN71226
6:38 Loom
8:49 Feudal Age
14:04 Double-Bit Axe
14:10 Man-at-Arms
23:05 Castle Age
21:24 Fletching
23:27 Bloodlines
23:28 Bodkin Arrow
24:06 Stone Mining
25:44 Thumb Ring
28:11 Gold Mining
29:30 Parthian Tactics
30:19 Husbandry
36:32 Wheelbarrow
35:43 Town Watch
42:24 Imperial Age
40:41 Forging
42:17 Ballistics
41:55 Murder Holes
43:00 Iron Casting
42:41 Scale Barding Armor
42:35 Cavalier
44:40 Chemistry
51:10 Blast Furnace
52:36 Devotion
53:47 Savar
Papa caliente
0:27 Loom
10:42 Feudal Age
11:50 Double-Bit Axe
16:06 Fletching
19:25 Horse Collar
19:47 Gold Mining
19:52 Stone Mining
22:24 Castle Age
23:22 Bow Saw
23:53 Gold Shaft Mining
23:54 Stone Shaft Mining
23:57 Wheelbarrow
23:38 Bodkin Arrow
27:08 Heavy Plow
28:06 Hand Cart
28:43 Forging
30:20 Squires
30:21 Scale Mail Armor
30:57 Iron Casting
30:58 Elite Skirmisher
36:25 Imperial Age
35:42 Chain Mail Armor
38:44 Imperial Age
37:54 Ballistics
38:05 Husbandry
38:37 Fervor
38:47 Sanctity
41:18 Murder Holes
41:33 Bracer
44:58 Block Printing
45:35 Elite Fire Lancer
48:34 Chemistry
52:39 Plate Mail Armor
Connection lost

Rejoining the realm…

Still unreachable

The connection could not be restored.

Session expired

The server has moved on; the page needs a fresh start.